Cogmind - Beta 16.1 @@@ ROGUE MODE // 2026.02.10 @ 23:45:17 Player: shapeshifter Result: Destroyed by G-67 Veteran with Plasma Rifle Performance ------------- Evolutions (6) 3000 Regions Visited (22) 4400 Robots Destroyed (165) 825 Value Destroyed (5736) 5736 Prototype IDs (48) 960 Alien Tech Used (3) 600 Bonus (8019) 8019 TOTAL SCORE: 23540 Bonus ------- High Alert Combat Kills 554 Follower Combat Kills 4592 Network Hubs Disabled 800 Met Data Miner 300 Met Zhirov 300 Met Warlord at Base 500 MAIN.C Attacked Warlord 500 Built Enhanced Grunts 300 A7 Reached Mainframe 300 Met R17 at Cetus 500 Friendly Fire -627 Cogmind --------- Core Integrity 0/1150 Matter 121/300 Energy 100/100 System Corruption 1% Temperature Cool (0) Movement Flying (30) Location -4/Warlord Parts ------- > --- POWER (1) -------- (None) > --- PROPULSION (6) --- Cooled Nuclear Pulse Thruster Impulse Thruster > --- UTILITY (6) ------ Improved Melee Analysis Suite > --- WEAPON (6) ------- (None) > --- INVENTORY (5) ---- Experimental Cloaking Device Peak State ------------ > --- POWER ------------ Quantum Reactor > --- PROPULSION ------- Medium Treads Centrium Heavy Treads Centrium Heavy Treads > --- UTILITY ---------- Experimental Heat Sink Huge Storage Unit Centrium Medium Armor Plating Centrium Medium Armor Plating Improved Hacking Suite > --- WEAPON ----------- Heavy Dispersion Rifle 1B-0RG's Assimilator > --- INVENTORY -------- Quantum Reactor Experimental Cesium-ion Thruster Experimental Cesium-ion Thruster Experimental Power Amplifier Experimental Power Amplifier Experimental Power Amplifier Large Storage Unit High-capacity Matter Pod High-capacity Matter Pod High-capacity Matter Pod Compact Matter Pod Compact Matter Pod Advanced Matter Compressor Advanced Matter Compressor Weight Redist. System Advanced Targeting Computer Improved Focal Shield High-powered Tractor Beam Improved Field Recycling Unit Improved Field Recycling Unit Advanced Variable Charge Gun Neutron Cannon Advanced KE Penetrator Advanced KE Penetrator Remote Datajack [Rating: 167] Favorites ----------- Power Nuclear Core Engine Improved Ion Engine Power Core Nuclear Core Reactor Quantum Reactor Propulsion Compact Wheel Treads Light Treads Leg Enhanced Biometal Leg Wheel Compact Wheel Hover Unit Cooled Antigrav System Flight Unit Experimental Cesium-ion Thruster Utility Large Storage Unit Device High-powered Tractor Beam Storage Large Storage Unit Processor Improved Signal Interpreter Hackware Hacking Suite Protection Hardened Light Armor Plating Weapon 1B-0RG's Assimilator Energy Gun Heavy Dispersion Rifle Energy Cannon Neutron Cannon Ballistic Gun Advanced KE Penetrator Ballistic Cannon Improved Light Cannon Launcher Heavy Missile Launcher Special Weapon Remote Datajack Impact Weapon Shock Maul Slashing Weapon Power Sword Piercing Weapon Spear Special Melee Weapon 1B-0RG's Assimilator Build | -11 -10 -10 -8 -7 -7 -7 -7 -6 -6 -6 -6 -6 -6 -5 -5 -5 -5 -4 -4 -4 -4 -4 ------- Run | Yrd Mat Sub Mat Fac Low Low Dat Pro Fac Ext Cet Arc Hub Fac Upp Upp Zhi Pro Fac Upp Upp War Slots Evolved 12 | . . . 4 2 . . . . 2 . . . . 2 . . . . 2 . . . Power . | . . . . . . . . . . . . . . . . . . . . . . . Propulsion 4 | . . . . . . . . . 1 . . . . 2 . . . . 1 . . . Utility 4 | . . . . 2 . . . . 1 . . . . . . . . . 1 . . . Weapon 4 | . . . 4 . . . . . . . . . . . . . . . . . . . Parts Attached 159 | 7 10 11 8 5 3 2 . 5 18 11 4 5 8 34 . 2 1 . 13 . 2 10 Power 14 | 1 1 . 1 . . . . 2 2 1 . 1 . 4 . 1 . . . . . . Engine 4 | 1 1 . . . . . . . . . . . . 1 . 1 . . . . . . Core 7 | . . . 1 . . . . 2 1 1 . . . 2 . . . . . . . . Reactor 3 | . . . . . . . . . 1 . . 1 . 1 . . . . . . . . Propulsion 44 | 2 1 7 2 . 1 . . 2 5 1 . . 4 13 . . . . 1 . . 5 Treads 12 | 2 1 . . . . . . 2 2 1 . . 1 3 . . . . . . . . Leg 2 | . . . . . . . . . . . . . . . . . . . . . . 2 Wheel 16 | . . 7 2 . 1 . . . 3 . . . 3 . . . . . . . . . Hover 2 | . . . . . . . . . . . . . . . . . . . . . . 2 Flight 12 | . . . . . . . . . . . . . . 10 . . . . 1 . . 1 Utility 59 | 2 3 2 2 4 . 2 . . 10 9 2 2 4 8 . . 1 . 2 . 1 5 Device 21 | 1 1 . . 2 . . . . 5 1 . 2 . 5 . . . . 1 . 1 2 Storage 14 | 1 1 . . 1 . 2 . . 2 5 . . . 1 . . 1 . . . . . Processor 3 | . . . . . . . . . 1 . . . . . . . . . . . . 2 Hackware 9 | . . . 1 1 . . . . . . . . 4 1 . . . . 1 . . 1 Protection 12 | . 1 2 1 . . . . . 2 3 2 . . 1 . . . . . . . . Artifact . | . . . . . . . . . . . . . . . . . . . . . . . Weapon 42 | 2 5 2 3 1 2 . . 1 1 . 2 2 . 9 . 1 . . 10 . 1 . Energy Gun 7 | . . . 1 . 1 . . . 1 . 2 . . 2 . . . . . . . . Energy Cannon 3 | . . . . . . . . . . . . . . 3 . . . . . . . . Ballistic Gun 5 | 2 . . . . . . . 1 . . . 2 . . . . . . . . . . Ballistic Cannon 7 | . 5 2 . . . . . . . . . . . . . . . . . . . . Launcher 4 | . . . . 1 . . . . . . . . . 2 . . . . 1 . . . Special Weapon 1 | . . . . . 1 . . . . . . . . . . . . . . . . . Impact Weapon 1 | . . . . . . . . . . . . . . 1 . . . . . . . . Slashing Weapon 2 | . . . . . . . . . . . . . . 1 . 1 . . . . . . Piercing Weapon 10 | . . . . . . . . . . . . . . . . . . . 9 . 1 . Special Melee Weapon 2 | . . . 2 . . . . . . . . . . . . . . . . . . . Unidentified Prototypes 27 | . . . 1 . . . . . 7 . 2 1 1 5 . . 2 . 2 . . 6 Corrupted Parts 2 | . . . . . . . . . 1 . . . . 1 . . . . . . . . System Corruption 12 | . . . . . . . . . 7 . . . . 5 . . . . . . . . Parts Lost 50 | . 1 6 2 . 1 1 . 1 1 3 . . 3 10 . . . . . . . 21 Power 4 | . . 1 . . . . . . . . . . . 2 . . . . . . . 1 Propulsion 24 | . . 3 . . 1 1 . 1 1 1 . . 3 3 . . . . . . . 10 Utility 11 | . 1 . . . . . . . . 2 . . . 3 . . . . . . . 5 Weapon 11 | . . 2 2 . . . . . . . . . . 2 . . . . . . . 5 Highest Loss Streak 21 | . 1 3 1 . 1 1 . 1 1 2 . . 1 3 . . . . . . . 21 To Critical Strikes 2 | . . 1 . . . . . 1 . . . . . . . . . . . . . . Average Backups 15 | 2 8 13 10 14 14 14 14 14 14 16 22 22 22 22 9 10 10 10 9 10 9 8 Power . | . . . . 1 1 1 1 1 . . 1 1 1 . . . . . . . . . Propulsion 1 | . . 1 . 1 . . . . . . . 2 1 4 4 4 3 3 2 2 2 3 Utility 10 | . 4 9 8 10 10 11 11 11 12 12 14 14 14 14 4 5 5 5 4 6 4 2 Weapon 1 | . 2 1 . . 1 1 1 1 1 2 4 4 4 2 1 1 1 1 1 1 1 . Tool/Special . | . . . . . . . . . . . . . . . . . . . . . . . Unused Backups 49 | 1 10 2 1 1 2 . . 1 5 . 3 3 . 9 1 1 . . 4 1 2 2 Power 4 | . 2 . . . . . . . . . 1 . . 1 . . . . . . . . Propulsion 3 | . 1 . . . 1 . . . . . . . . 1 . . . . . . . . Utility 34 | 1 2 2 1 1 1 . . 1 5 . . 3 . 7 1 1 . . 3 1 2 2 Weapon 8 | . 5 . . . . . . . . . 2 . . . . . . . 1 . . . Tool/Special . | . . . . . . . . . . . . . . . . . . . . . . . Average Slot Usage (%) 73 | . 99 93 55 60 69 62 61 63 69 66 72 72 68 66 70 73 74 76 85 100 100 91 Engine 2 | . 13 8 . . . . . . . . . . . . . 2 5 5 4 5 5 4 Core 3 | . . . 4 7 7 7 7 7 5 6 6 . . . 5 2 . . . . . . Reactor 1 | . . . . . . . . . . . . 5 6 4 . . . . . . . . Treads 8 | . 27 12 . . . . . 8 16 1 6 6 2 13 . . . . . . . . Wheel 7 | . . 14 17 15 15 8 7 1 2 14 13 13 12 . . . . . . . . . Flight 1 | . . . . . . . . . . . . . . 1 29 29 29 29 31 31 31 27 Device 5 | . 6 . . . . 3 7 7 10 9 6 7 2 7 11 11 9 11 11 10 10 11 Storage 8 | . 14 14 9 7 7 7 7 7 6 10 6 6 6 5 5 5 5 5 5 5 5 4 Hackware 3 | . . . 1 4 7 7 7 7 2 . . . 11 5 11 11 11 11 13 15 15 6 Protection 9 | . 7 14 7 9 14 11 7 7 7 9 19 18 12 7 . . . . . . . . Energy Gun 3 | . . . 4 6 6 7 7 1 . 6 5 . 1 5 . . . . . . . . Ballistic Gun 2 | . 9 . . . . . . 5 4 . . 5 4 2 . . . . . . . . Ballistic Cannon 5 | . 18 27 4 . . . . . . . . . . . . . . . . . . . Special Melee Weapon 4 | . . . 6 7 7 7 7 7 6 6 6 6 6 2 . . . . . . . . Peak Build Rating 167 | 7 13 18 77 85 85 84 84 93 109 114 123 125 141 167 75 79 84 80 111 110 110 116 Average Rating 82 | 5 10 12 59 80 84 83 84 89 100 107 114 122 131 128 75 77 78 80 98 108 108 99 On Entrance 80 | . 7 12 18 77 83 84 84 84 90 107 107 123 125 126 75 75 79 80 80 108 108 108 Avg Prop Armor Cover (%) 5 | . . 5 . . . . . . . 6 5 5 10 1 . . . . . . . . Naked Turns . | . . . . . . . . . . . . . . . . . . . . . . . Heaviest Build 180 | 13 40 40 90 99 96 96 92 98 104 166 172 179 178 180 32 32 30 30 37 37 43 40 Greatest Support 188 | 40 40 40 40 32 32 26 10 48 76 42 26 26 80 188 35 32 32 35 40 40 40 66 Greatest Overweight (x) 30 | . . 3 5 3 3 9 9 30 6 6 6 6 11 5 . . 1 . . . 1 . Average Overweight (x) 1 | . . . 1 2 2 7 9 4 1 4 6 6 6 . . . . . . . . . Largest Inventory Capacity 25 | 8 15 15 15 15 15 15 15 15 15 25 25 25 25 25 10 10 10 10 10 10 10 10 Average Capacity 17 | 7 11 15 15 15 15 15 15 15 15 23 25 25 25 24 10 10 10 10 10 10 10 9 Most Carried 25 | 5 15 15 15 15 15 14 14 15 15 21 25 25 25 25 10 10 10 10 10 10 10 10 Average Carried 15 | 2 8 13 11 14 14 14 14 14 14 16 23 24 24 22 9 10 9 10 9 10 9 8 Final Capacity 25 | 8 15 15 15 15 15 15 15 15 15 25 25 25 25 10 10 10 10 10 10 10 10 5 Final Carried 25 | 3 14 13 12 15 14 14 14 15 15 21 25 25 24 10 10 10 10 10 10 10 9 1 Class Distribution -------------------- 57% | Mutant 20% | Scavenger-Mutant 11% | Commander-Mutant 4% | Hacker-Sprinter Dominant Class ---------------- Mutant | -10/Materials Mutant | -10/Subcaves Mutant | -8/Materials Mutant | -7/Factory Mutant | -7/Lower Caves Mutant | -7/Lower Caves Mutant | -7/Data Miner Mutant | -6/Proximity Caves Mutant | -6/Factory Mutant | -6/Extension Commander-Mutant | -6/Cetus Commander-Mutant | -6/Archives Scavenger-Mutant | -6/Hub_04(d) Scavenger-Mutant | -5/Factory Hacker-Sprinter | -5/Upper Caves Hacker-Sprinter | -5/Upper Caves Hacker-Sprinter | -5/Zhirov Hacker-Sprinter | -4/Proximity Caves Hacker-Sprinter | -4/Factory Hacker-Sprinter | -4/Upper Caves Hacker-Sprinter | -4/Upper Caves Sprinter | -4/Warlord Resources | -11 -10 -10 -8 -7 -7 -7 -7 -6 -6 -6 -6 -6 -6 -5 -5 -5 -5 -4 -4 -4 -4 -4 ----------- Run | Yrd Mat Sub Mat Fac Low Low Dat Pro Fac Ext Cet Arc Hub Fac Upp Upp Zhi Pro Fac Upp Upp War Matter Collected 21600 | 324 1512 742 742 552 1381 492 . 744 3447 2894 1155 747 2792 3704 10 20 . . 163 99 60 20 Remotely 9815 | . . . . 113 33 282 . 744 1808 2244 1005 597 1676 1313 . . . . . . . . Salvage Created 5443 | 158 660 369 315 . 36 30 . . 433 107 67 272 464 2322 . . . . 157 43 10 . Parts 298 | 10 37 22 16 . . . . . 31 5 3 25 26 106 . . . . 6 7 4 . Haulers Intercepted 5 | . 1 . . . . . . . 1 . . . . 2 . . . . 1 . . . Recyclers Shooed 13 | 1 3 . . . . . . . . . . . . 9 . . . . . . . . Parts Field Recycled . | . . . . . . . . . . . . . . . . . . . . . . . Retrieved Matter . | . . . . . . . . . . . . . . . . . . . . . . . Parts Self-Destructed 48 | . . 14 . . 7 3 . 13 . . . . . . 3 . . . . 4 4 . Prevented 5 | . . . . . . . . 3 . . . . . . . . . . . 2 . . Parts Restored . | . . . . . . . . . . . . . . . . . . . . . . . Kills | -11 -10 -10 -8 -7 -7 -7 -7 -6 -6 -6 -6 -6 -6 -5 -5 -5 -5 -4 -4 -4 -4 -4 ------- Run | Yrd Mat Sub Mat Fac Low Low Dat Pro Fac Ext Cet Arc Hub Fac Upp Upp Zhi Pro Fac Upp Upp War Combat Hostiles Destroyed 98 | . 16 12 5 . 1 . . . 9 2 . . 10 29 . . . . 5 5 4 . Guns 42 | . 13 . 1 . 1 . . . . 2 . . 6 19 . . . . . . . . Cannons 24 | . 3 12 4 . . . . . . . . . . 5 . . . . . . . . AOE 32 | . . . . . . . . . 9 . . . 4 5 . . . . 5 5 4 . Classes Destroyed 18 | 2 7 1 . . 1 . . . 6 . . . . 1 . . . . . . . . Worker 21 | . 2 . . . . . . . 6 . . . 8 5 . . . . . . . . Builder 9 | . . . . . . . . . 4 . . . . 5 . . . . . . . . Tunneler 5 | 4 . . . . . . . . . . . . . 1 . . . . . . . . Hauler 5 | . 1 . . . . . . . 1 . . . . 2 . . . . 1 . . . Recycler 7 | 1 . . 2 . . . . . . . . . . 4 . . . . . . . . Mechanic 2 | . . . . . . . . . 1 . . . . 1 . . . . . . . . Operator 11 | . 1 . 1 . . . . . . . . 8 . 1 . . . . . . . . Watcher 5 | . 2 . 1 . . . . . . . . . . 2 . . . . . . . . Swarmer 24 | . 3 . . . . . . . . . . . . 7 . . . . 5 5 4 . Grunt 36 | . 12 2 3 . . . . . 1 2 . . 5 11 . . . . . . . . Duelist 1 | . . . . . 1 . . . . . . . . . . . . . . . . . Protector 3 | . . . . . . . . . 2 . . . 1 . . . . . . . . . Sentry 5 | . . 1 2 . . . . . . . . . 1 1 . . . . . . . . Specialist 1 | . . . . . . . . . 1 . . . . . . . . . . . . . Hunter 7 | . . . . . . . . . 5 . . . . 2 . . . . . . . . Programmer 9 | . . . . . . . . . 1 . . . 1 7 . . . . . . . . Heavy 1 | . . . . . . . . . . . . . . 1 . . . . . . . . Lightning 2 | . . . . . . . . . . . . . 2 . . . . . . . . . Subdweller 10 | . 1 9 . . . . . . . . . . . . . . . . . . . . Decomposer 2 | . . . . . . 2 . . . . . . . . . . . . . . . . Thug 1 | . . . . . . . . . . . 1 . . . . . . . . . . . Best Kill Streak 15 | 1 3 2 3 . 1 . . . 15 1 . 2 12 7 . . . . 5 5 4 . Combat Bots Only 8 | . 3 2 2 . 1 . . . 8 1 . . 4 4 . . . . 5 5 4 . Max Kills in Single Turn 7 | 1 2 1 1 . 1 1 . . 7 1 1 1 3 4 . . . . 4 3 3 . Gunslinging 1 | . 1 . . . . . . . . . . . . . . . . . . . . . Exploded 4 | . . . . . . . . . 4 . . . 1 3 . . . . 4 3 3 . Melee . | . . . . . . . . . . . . . . . . . . . . . . . Uniques/NPCs Destroyed . | . . . . . . . . . . . . . . . . . . . . . . . Combat | -11 -10 -10 -8 -7 -7 -7 -7 -6 -6 -6 -6 -6 -6 -5 -5 -5 -5 -4 -4 -4 -4 -4 -------- Run | Yrd Mat Sub Mat Fac Low Low Dat Pro Fac Ext Cet Arc Hub Fac Upp Upp Zhi Pro Fac Upp Upp War Hostile Shots Fired 1082 | . 63 65 61 3 20 20 . 6 78 131 1 . 129 249 3 . . 8 18 13 21 193 Missed 359 | . 15 16 17 1 5 6 . 2 36 40 1 . 52 71 3 . . 5 11 6 12 60 Hits 723 | . 48 49 44 2 15 14 . 4 42 91 . . 77 178 . . . 3 7 7 9 133 Melee 17 | . . . . . . . . . . . . . . . . . . . . . . 17 Projectile 706 | . 48 49 44 2 15 14 . 4 42 91 . . 77 178 . . . 3 7 7 9 116 AOE 2 | . . . . . . . . . . . . . . 2 . . . . . . . . Critical Strikes 31 | . . 1 1 . . . . 1 4 1 . . 4 5 . . . . . . . 14 Actively Blocked 1 | . . . . . . . . . . . . . 1 . . . . . . . . . Damage Taken 13929 | . 565 1039 704 97 410 238 . 176 854 1078 10 10 1256 4011 . . . 59 138 135 144 3005 Core 2916 | . 75 174 180 28 33 . . 32 183 182 10 10 250 586 . . . 22 60 15 15 1061 Absorbed by Shields 39 | . . . . . . . . . . 32 . . . . . . . . 7 . . . Redirected to Shielding 110 | . . . . . . . . . . . . . 32 78 . . . . . . . . Ignored by Resistances 298 | . . . . . . . . . . . . . . 298 . . . . . . . . Regen/Repaired (Parts) 1343 | . . . 188 54 131 12 48 16 145 337 . . 132 204 . . . . 58 . . 18 Core Remaining (%) 52 | 100 . . 67 . . . . 86 . . . . 25 . . . . 39 . . . . Volleys Fired 511 | 27 67 75 30 1 11 9 . . 19 19 2 69 51 124 . . . . 2 2 3 . Largest 5 | 2 2 2 2 1 1 1 . . 1 1 1 1 1 5 . . . . 1 1 1 . Hottest 371 | 40 66 66 66 39 69 69 . . 39 94 240 94 94 371 . . . . 43 43 43 . Shots Fired 792 | 54 134 150 43 1 11 9 . . 19 21 3 70 51 219 . . . . 2 2 3 . Gun 474 | 54 92 . 4 . 10 9 . . 7 21 2 69 40 166 . . . . . . . . Cannon 282 | . 42 150 39 . . . . . . . . . . 51 . . . . . . . . Launcher 31 | . . . . 1 . . . . 12 . . . 10 1 . . . . 2 2 3 . Special 5 | . . . . . 1 . . . . . 1 1 1 1 . . . . . . . . Kinetic 557 | 54 134 150 39 . . . . . 6 . . 68 27 79 . . . . . . . . Thermal 199 | . . . 4 . 10 9 . . 1 21 2 1 13 138 . . . . . . . . Explosive 31 | . . . . 1 . . . . 12 . . . 10 1 . . . . 2 2 3 . Electromagnetic . | . . . . . . . . . . . . . . . . . . . . . . . Robot Hit Streak 14 | 6 11 14 9 . 2 2 . . 7 9 1 10 7 12 . . . . 7 1 2 . Robot Miss Streak 5 | 5 2 2 2 . 2 2 . . 1 2 2 5 2 5 . . . . . 1 1 . Penetration Max 1 | . . . . . . . . . . . . 1 . 1 . . . . . . . . Secondary Targets 3 | . 2 . . . . . . . . . . . . 1 . . . . . . . . Max Gunslinging Chain 1 | . 1 . . . . . . . . . . . . 1 . . . . . . . . Shots Hit Robots 479 | 31 85 75 33 . 7 4 . . 11 10 1 47 22 135 . . . . 4 1 2 11 Core Hits 309 | 10 44 27 19 . 1 2 . . 58 6 1 17 34 73 . . . . 6 6 4 1 Critical Kills 12 | . 1 . . . . . . . . 1 1 2 2 5 . . . . . . . . Critical Parts Destroyed 23 | . 1 . . . . . . . 1 . . 7 3 11 . . . . . . . . Critical Strikes 44 | . 3 3 1 . . . . . 1 1 1 9 5 19 . . . . . . . 1 Burn 3 | . . . . . . . . . . . . . . 3 . . . . . . . . Destroy 34 | . 2 . . . . . . . 1 1 1 9 5 15 . . . . . . . . Blast 5 | . 1 3 1 . . . . . . . . . . . . . . . . . . . Smash 1 | . . . . . . . . . . . . . . 1 . . . . . . . . Impale 1 | . . . . . . . . . . . . . . . . . . . . . . 1 Melee Attacks 41 | . . . 3 . 1 . . . . . . . . 6 . . . . 15 . 2 14 Impact 2 | . . . . . . . . . . . . . . 2 . . . . . . . . Slashing 9 | . . . . . . . . . . . . . . 4 . . . . 5 . . . Piercing 26 | . . . . . . . . . . . . . . . . . . . 10 . 2 14 Sneak Attacks 9 | . . . 3 . 1 . . . . . . . . 2 . . . . 1 . . 2 Combat Hostiles . | . . . . . . . . . . . . . . . . . . . . . . . Follow-up Attacks 4 | . . . . . . . . . . . . . . . . . . . . . . 4 Damage Inflicted 17594 | 254 901 1599 681 . 114 78 . . 2471 330 30 1283 1546 6081 . . . . 656 449 577 544 Guns 6466 | 254 553 . 67 . 114 78 . . 52 330 30 1283 468 3237 . . . . . . . . Cannons 3845 | . 348 1599 614 . . . . . . . . . . 1284 . . . . . . . . Explosions 6392 | . . . . . . . . . 2419 . . . 1078 1380 . . . . 489 449 577 . Melee 891 | . . . . . . . . . . . . . . 180 . . . . 167 . . 544 Ramming . | . . . . . . . . . . . . . . . . . . . . . . . Kinetic 6235 | 254 901 1599 614 . . . . . 22 . . 1253 177 1415 . . . . . . . . Thermal 5954 | . . . 67 . 114 78 . . 891 330 30 30 291 4123 . . . . . . . . Explosive 4426 | . . . . . . . . . 1470 . . . 1078 363 . . . . 489 449 577 . Electromagnetic 88 | . . . . . . . . . 88 . . . . . . . . . . . . . Impact 108 | . . . . . . . . . . . . . . 108 . . . . . . . . Slashing 119 | . . . . . . . . . . . . . . 72 . . . . 47 . . . Piercing 664 | . . . . . . . . . . . . . . . . . . . 120 . . 544 Highest Corruption 12 | . . . . . . . . . 7 7 7 7 4 11 11 11 11 12 . . . 1 Average Corruption 6 | . . . . . . . . . 7 7 7 6 3 7 11 11 11 11 . . . 1 Corruption Purged 7 | . . . . . . . . . . . . 7 . . . . . . . . . . Corruption Blocked . | . . . . . . . . . . . . . . . . . . . . . . . Effects 174 | . . . . . . . . . 14 50 19 9 13 57 6 1 1 4 . . . . Message Errors 42 | . . . . . . . . . 1 12 5 2 3 16 2 . 1 . . . . . Matter Fused 33 | . . . . . . . . . 3 8 5 . 2 11 . 1 . 3 . . . . Heat Flow Errors 17 | . . . . . . . . . 3 5 2 1 3 3 . . . . . . . . Energy Discharges 21 | . . . . . . . . . 2 4 1 2 3 7 2 . . . . . . . Parts Rejected 2 | . . . . . . . . . . . . . . 1 1 . . . . . . . Parts Fused 2 | . . . . . . . . . . . . . . 2 . . . . . . . . Data Loss (minor) 21 | . . . . . . . . . 2 11 1 2 1 4 . . . . . . . . Data Loss (major) 12 | . . . . . . . . . 1 6 2 1 1 1 . . . . . . . . Misfires 7 | . . . . . . . . . 1 2 1 1 . 2 . . . . . . . . Alerts 7 | . . . . . . . . . . 2 2 . . 3 . . . . . . . . Misdirections 2 | . . . . . . . . . . . . . . . 1 . . 1 . . . . Weapon Failures 8 | . . . . . . . . . 1 . . . . 7 . . . . . . . . Overload Shots 1 | . . . . . . . . . . . 1 . . . . . . . . . . . Overflow Damage 621 | . . . . . . . . . 103 . . . 42 373 . . . . 10 . 60 33 Projectiles 10 | . . . . . . . . . . . . . . 10 . . . . . . . . Explosions 470 | . . . . . . . . . 103 . . . 42 255 . . . . 10 . 60 . Melee 141 | . . . . . . . . . . . . . . 108 . . . . . . . 33 Knockbacks 19 | . . 13 6 . . . . . . . . . . . . . . . . . . . Impact . | . . . . . . . . . . . . . . . . . . . . . . . Kinetic 19 | . . 13 6 . . . . . . . . . . . . . . . . . . . Secondary . | . . . . . . . . . . . . . . . . . . . . . . . Self-Inflicted Damage 54 | . . . . . . . . . . . . . 25 . . . . . . 29 . . Shots 3 | . . . . . . . . . . . . . 2 . . . . . . 1 . . Rammed . | . . . . . . . . . . . . . . . . . . . . . . . Targets Rammed . | . . . . . . . . . . . . . . . . . . . . . . . Kicked . | . . . . . . . . . . . . . . . . . . . . . . . Crushed . | . . . . . . . . . . . . . . . . . . . . . . . Highest Temperature 582 | . 72 . 104 4 221 72 . . 184 212 271 258 275 582 211 123 75 119 174 288 242 252 Average Temperature 82 | . 21 . 29 3 93 25 . . 39 78 102 84 102 128 70 45 28 49 65 102 74 89 Received Heat Transfer 2532 | . 282 102 351 . 66 18 . . 231 348 . . 210 630 . . . . 24 . . 270 Effects 12 | . . . . . . . . . . . . . 2 10 . . . . . . . . Shutdowns 1 | . . . . . . . . . . . . . . 1 . . . . . . . . Energy Bleed 2 | . . . . . . . . . . . . . 1 1 . . . . . . . . Interference 8 | . . . . . . . . . . . . . 1 7 . . . . . . . . Damage (core) 1 | . . . . . . . . . . . . . . 1 . . . . . . . . Siege Activations . | . . . . . . . . . . . . . . . . . . . . . . . Martial Activations . | . . . . . . . . . . . . . . . . . . . . . . . Shielding Activations . | . . . . . . . . . . . . . . . . . . . . . . . Robots Disrupted . | . . . . . . . . . . . . . . . . . . . . . . . Combat Hostiles . | . . . . . . . . . . . . . . . . . . . . . . . Robots Corrupted . | . . . . . . . . . . . . . . . . . . . . . . . Combat Hostiles . | . . . . . . . . . . . . . . . . . . . . . . . Parts Fried . | . . . . . . . . . . . . . . . . . . . . . . . Impact Corruptions 4 | . . . . . . . . . . . . . . 4 . . . . . . . . Robots Melted . | . . . . . . . . . . . . . . . . . . . . . . . Combat Hostiles . | . . . . . . . . . . . . . . . . . . . . . . . Parts Melted 5 | . . . . . . . . . 1 . . . . 4 . . . . . . . . Heat Transferred 5528 | . . . 85 . 222 148 . . 614 407 18 37 333 3664 . . . . . . . . Parts Sabotaged . | . . . . . . . . . . . . . . . . . . . . . . . Parts Stolen . | . . . . . . . . . . . . . . . . . . . . . . . Parts Stripped . | . . . . . . . . . . . . . . . . . . . . . . . Power Chain Reactions 5 | . . . . . . . . . 2 . . . . 3 . . . . . . . . Alert | -11 -10 -10 -8 -7 -7 -7 -7 -6 -6 -6 -6 -6 -6 -5 -5 -5 -5 -4 -4 -4 -4 -4 ------- Run | Yrd Mat Sub Mat Fac Low Low Dat Pro Fac Ext Cet Arc Hub Fac Upp Upp Zhi Pro Fac Upp Upp War Maximum Alert Level 4 | . . . 1 . . . . . 3 2 1 . 3 4 . . . . 2 . . . Low Security (%) 52 | 100 100 . 96 100 . . . . 56 . 44 100 27 22 . . . . 30 . . . Level 1 29 | . . . 3 . . . . . 21 94 55 . 31 26 . . . . 54 . . . Level 2 9 | . . . . . . . . . 4 5 . . 39 20 . . . . 15 . . . Level 3 8 | . . . . . . . . . 17 . . . 1 25 . . . . . . . . Level 4 1 | . . . . . . . . . . . . . . 5 . . . . . . . . Level 5 . | . . . . . . . . . . . . . . . . . . . . . . . High Security . | . . . . . . . . . . . . . . . . . . . . . . . Max Security . | . . . . . . . . . . . . . . . . . . . . . . . Peak Influence 1124 | 5 131 . 213 78 . . . . 751 428 289 196 701 1124 . . . . 428 . . . Initial 355 | . . . . 60 . . . . 300 355 237 65 9 310 . . . . 12 . . . Average 260 | . 41 . 60 26 . . . . 280 326 201 116 364 506 . . . . 303 . . . Influence Increases 8601 | 25 474 85 453 138 192 86 . 187 1454 905 360 332 1319 1795 . . . 30 506 140 90 30 Destroy 0b10 Robot/C 4020 | . 300 60 300 80 120 40 . 100 560 480 160 80 560 900 . . . . 100 100 80 . Destroy 0b10 Robot/NC 455 | 25 30 . 25 20 . . . 15 90 15 10 40 60 120 . . . . 5 . . . Destroy Leader 764 | . 76 10 64 14 20 20 . 30 116 56 . . 124 202 . . . . 12 10 10 . Allied During Kill 1307 | . . . 35 15 37 26 . 42 143 329 170 120 247 143 . . . . . . . . Successful Hack 136 | . 21 . 12 . . . . . . . . . 10 20 . . . . 73 . . . Select Force Hacks 150 | . . . . . . . . . . . . . 150 . . . . . . . . . Disable Machine 600 | . 15 . 15 . . . . . 135 . 15 75 60 240 . . . . 45 . . . Destroy Structure 419 | . 2 . 2 9 . . . . 110 25 5 17 63 140 . . . . 46 . . . Advance Influence 300 | . . . . . . . . . 300 . . . . . . . . . . . . . Partial Spotted 90 | . 15 . . . . . . . . . . . 30 15 . . . . 30 . . . Lose Combat Pursuer 360 | . 15 15 . . 15 . . . . . . . 15 15 . . . 30 195 30 . 30 Influence Decreases 8581 | 25 474 85 318 243 222 86 . 187 727 1207 622 468 713 1599 367 109 353 10 108 196 110 352 Entered New Map 2411 | . . . . 75 12 . . . . 372 188 98 18 323 307 89 353 . 8 156 70 342 Time Decay 4539 | 25 464 85 247 148 170 86 . 187 577 565 294 350 395 666 60 20 . 10 100 40 40 10 Lost Part 190 | . 10 . 20 . . . . . 10 30 . . 20 100 . . . . . . . . Lost Ally 1141 | . . . 51 20 40 . . . 140 240 140 20 280 210 . . . . . . . . Purge Threat 300 | . . . . . . . . . . . . . . 300 . . . . . . . . Squads Dispatched 42 | . 3 . 1 1 . . . . 7 2 . . 12 14 . . . . 2 . . . Investigation 10 | . 1 . . . . . . . 1 2 . . 6 . . . . . . . . . Extermination 11 | . . . . 1 . . . . 3 . . . 1 5 . . . . 1 . . . Reinforcement 14 | . 2 . 1 . . . . . 2 . . . 2 6 . . . . 1 . . . Assault . | . . . . . . . . . . . . . . . . . . . . . . . Garrison 7 | . . . . . . . . . 1 . . . 3 3 . . . . . . . . Intercept . | . . . . . . . . . . . . . . . . . . . . . . . Searches Triggered . | . . . . . . . . . . . . . . . . . . . . . . . Data Miner Redirects 2 | . . . . . . . . . . . . . 2 . . . . . . . . . Construction Impeded 3 | . . . . . . . . . 1 . . . 1 1 . . . . . . . . Haulers Reinforced 2 | . . . . . . . . . . . . . . 2 . . . . . . . . Active Scanning Responses . | . . . . . . . . . . . . . . . . . . . . . . . Cargo Convoy Interrupts 1 | . . . . . . . . . 1 . . . . . . . . . . . . . Stealth | -11 -10 -10 -8 -7 -7 -7 -7 -6 -6 -6 -6 -6 -6 -5 -5 -5 -5 -4 -4 -4 -4 -4 --------- Run | Yrd Mat Sub Mat Fac Low Low Dat Pro Fac Ext Cet Arc Hub Fac Upp Upp Zhi Pro Fac Upp Upp War Distress Signals 26 | . 2 . 5 . . . . . 1 3 2 . 4 6 . . . 1 2 . . . Communications Jammed . | . . . . . . . . . . . . . . . . . . . . . . . Distress Signals . | . . . . . . . . . . . . . . . . . . . . . . . Times Spotted 352 | . 23 13 24 7 9 2 . 6 46 27 6 31 27 58 10 . . 8 18 7 9 21 Peak Tracking Total 12 | . 4 2 6 4 4 1 . 2 12 3 5 2 6 5 8 . . 7 12 4 5 11 Tactical Retreats 13 | . 1 1 . . 1 . . . . . . . 1 1 . . . 1 5 1 . 1 Traps | -11 -10 -10 -8 -7 -7 -7 -7 -6 -6 -6 -6 -6 -6 -5 -5 -5 -5 -4 -4 -4 -4 -4 ------- Run | Yrd Mat Sub Mat Fac Low Low Dat Pro Fac Ext Cet Arc Hub Fac Upp Upp Zhi Pro Fac Upp Upp War Traps Triggered 16 | . 5 1 . 1 . . . . 1 4 . . . 3 . . . . 1 . . . Indirectly . | . . . . . . . . . . . . . . . . . . . . . . . Trap Hack Attempts . | . . . . . . . . . . . . . . . . . . . . . . . Triggered . | . . . . . . . . . . . . . . . . . . . . . . . Disarmed . | . . . . . . . . . . . . . . . . . . . . . . . Reprogrammed . | . . . . . . . . . . . . . . . . . . . . . . . Reused 3 | . . . . . . . . 3 . . . . . . . . . . . . . . Traps Extracted . | . . . . . . . . . . . . . . . . . . . . . . . Installed 10 | . . . . . . . . 10 . . . . . . . . . . . . . . Triggered 3 | . . . . . . . . 3 . . . . . . . . . . . . . . Machines | -11 -10 -10 -8 -7 -7 -7 -7 -6 -6 -6 -6 -6 -6 -5 -5 -5 -5 -4 -4 -4 -4 -4 ---------- Run | Yrd Mat Sub Mat Fac Low Low Dat Pro Fac Ext Cet Arc Hub Fac Upp Upp Zhi Pro Fac Upp Upp War Machines Disabled 42 | . 1 . 1 . . . . . 9 1 1 5 4 16 . . . . 3 . 1 . Max in Single Turn 5 | . 1 . . . . . . . 4 . 1 1 1 5 . . . . 2 . 1 . Garrison Access 4 | . . . . . . . . . 1 . . . 1 1 . . . . 1 . . . Network Hub 4 | . . . . . . . . . . . . . 4 . . . . . . . . . Machines Repaired . | . . . . . . . . . . . . . . . . . . . . . . . Machines Dismantled . | . . . . . . . . . . . . . . . . . . . . . . . Machines Sabotaged 3 | . . . . . . . . . . . . . 3 . . . . . . . . . Overloaded Fab Kills . | . . . . . . . . . . . . . . . . . . . . . . . Hacking | -11 -10 -10 -8 -7 -7 -7 -7 -6 -6 -6 -6 -6 -6 -5 -5 -5 -5 -4 -4 -4 -4 -4 --------- Run | Yrd Mat Sub Mat Fac Low Low Dat Pro Fac Ext Cet Arc Hub Fac Upp Upp Zhi Pro Fac Upp Upp War Machines Accessed 60 | . 6 1 7 2 . . 3 . 4 2 . . 7 10 1 1 4 . 10 . 2 . Terminals 34 | . 5 . 6 1 . . . . 3 2 . . 6 6 . . . . 4 . 1 . Fabricators 2 | . . . . 1 . . . . . . . . . . . . . . 1 . . . Repair Stations 1 | . . . . . . . . . . . . . . . . . . . 1 . . . Recycling Units 7 | . 1 . 1 . . . . . . . . . . 3 . . . . 2 . . . Scanalyzers 1 | . . . . . . . . . . . . . . . . . . . 1 . . . Garrison Access 4 | . . . . . . . . . 1 . . . 1 1 . . . . 1 . . . Total Hacks 196 | . 16 4 16 2 . . 25 . 5 4 . . 13 35 1 1 17 . 49 . 8 . Successful 123 | . 9 4 6 1 . . 25 . 1 1 . . 8 14 1 1 17 . 27 . 8 . Failed 73 | . 7 . 10 1 . . . . 4 3 . . 5 21 . . . . 22 . . . Catastrophic 11 | . . . 1 . . . . . 2 1 . . 1 3 . . . . 3 . . . Database Lockouts . | . . . . . . . . . . . . . . . . . . . . . . . Manual 69 | . 16 . 14 . . . . . 1 . 1 . 12 7 . . . . 17 . . 1 Terminals 110 | . 15 . 14 1 . . . . 4 4 . . 12 24 . . . . 29 . 7 . Fabricators 5 | . . . . 1 . . . . . . . . . . . . . . 4 . . . Repair Stations 2 | . . . . . . . . . . . . . . . . . . . 2 . . . Recycling Units 17 | . 1 . 2 . . . . . . . . . . 10 . . . . 4 . . . Scanalyzers 8 | . . . . . . . . . . . . . . . . . . . 8 . . . Garrison Access 5 | . . . . . . . . . 1 . . . 1 1 . . . . 2 . . . Terminal Hacks 83 | . 2 4 . . . . 25 . . 1 . . 1 10 1 1 17 . 13 . 8 . Record 22 | . . 4 . . . . 6 . . . . . . . . . 5 . . . 7 . Part Schematic 15 | . . . . . . . 10 . . . . . . . . . 4 . 1 . . . Robot Schematic 6 | . . . . . . . 6 . . . . . . . . . . . . . . . Robot Analysis 4 | . . . . . . . . . . . . . . . . . 4 . . . . . Prototype ID Bank 8 | . . . . . . . 3 . . . . . . . . . 4 . 1 . . . Open Door 3 | . . . . . . . . . . . . . . . 1 1 . . . . 1 . Level Access Points 2 | . . . . . . . . . . . . . . 1 . . . . 1 . . . Branch Access Points 2 | . . . . . . . . . . . . . . 1 . . . . 1 . . . Terminal Index 3 | . 1 . . . . . . . . . . . 1 . . . . . 1 . . . Scanalyzer Index 1 | . . . . . . . . . . . . . . . . . . . 1 . . . Garrison Index 1 | . . . . . . . . . . . . . . . . . . . 1 . . . Alert Level 2 | . . . . . . . . . . . . . . 1 . . . . 1 . . . Unreport Threat 2 | . . . . . . . . . . . . . . 2 . . . . . . . . Maintenance Status 1 | . . . . . . . . . . . . . . . . . . . 1 . . . Security Status 1 | . . . . . . . . . . 1 . . . . . . . . . . . . Hauler Manifests 1 | . . . . . . . . . . . . . . . . . . . 1 . . . Registered Components 2 | . . . . . . . . . . . . . . 1 . . . . 1 . . . Zone Layout 7 | . 1 . . . . . . . . . . . . 4 . . . . 2 . . . Fabricator Hacks 3 | . . . . 1 . . . . . . . . . . . . . . 2 . . . Network Status 2 | . . . . 1 . . . . . . . . . . . . . . 1 . . . Build 1 | . . . . . . . . . . . . . . . . . . . 1 . . . Repair Station Hacks 2 | . . . . . . . . . . . . . . . . . . . 2 . . . Scan Component 1 | . . . . . . . . . . . . . . . . . . . 1 . . . Repair 1 | . . . . . . . . . . . . . . . . . . . 1 . . . Recycling Unit Hacks 5 | . . . 1 . . . . . . . . . . 2 . . . . 2 . . . Retrieve Components 5 | . . . 1 . . . . . . . . . . 2 . . . . 2 . . . Scanalyzer 4 | . . . . . . . . . . . . . . . . . . . 4 . . . Retrieve Study 4 | . . . . . . . . . . . . . . . . . . . 4 . . . Garrison Access Hacks 4 | . . . . . . . . . 1 . . . 1 1 . . . . 1 . . . Seal Access 4 | . . . . . . . . . 1 . . . 1 1 . . . . 1 . . . Unauthorized Hacks 22 | . 7 . 5 . . . . . . . . . 6 1 . . . . 3 . . . Terminals 20 | . 7 . 5 . . . . . . . . . 6 1 . . . . 1 . . . Track 2 | . . . . . . . . . . . . . . 1 . . . . 1 . . . Botnet 2 | . 2 . . . . . . . . . . . . . . . . . . . . . Detonate 1 | . . . . . . . . . . . . . 1 . . . . . . . . . Skim 10 | . 5 . 5 . . . . . . . . . . . . . . . . . . . Sabotage 5 | . . . . . . . . . . . . . 5 . . . . . . . . . Fabricators 2 | . . . . . . . . . . . . . . . . . . . 2 . . . Prioritize 1 | . . . . . . . . . . . . . . . . . . . 1 . . . Liberate 1 | . . . . . . . . . . . . . . . . . . . 1 . . . Repair Stations . | . . . . . . . . . . . . . . . . . . . . . . . Recycling Units . | . . . . . . . . . . . . . . . . . . . . . . . Scanalyzers . | . . . . . . . . . . . . . . . . . . . . . . . Garrison Access . | . . . . . . . . . . . . . . . . . . . . . . . Data Cores Recovered 1 | . . . 1 . . . . . . . . . . . . . . . . . . . Used . | . . . . . . . . . . . . . . . . . . . . . . . Hacking Detections 31 | . 4 . 7 2 . . . . 2 2 . . 2 7 . . . . 4 . 1 . Full Trace Events 3 | . . . . . . . . . 1 1 . . 1 . . . . . . . . . Feedback Events 1 | . . . . . . . . . . . . . 1 . . . . . . . . . Corruption 1 | . . . . . . . . . . . . . 1 . . . . . . . . . Feedback Blocked . | . . . . . . . . . . . . . . . . . . . . . . . Robot Schematics Acquired 6 | . . . . . . . 6 . . . . . . . . . . . . . . . Robots Built . | . . . . . . . . . . . . . . . . . . . . . . . Authchips . | . . . . . . . . . . . . . . . . . . . . . . . Time . | . . . . . . . . . . . . . . . . . . . . . . . Total Robot Build Rating . | . . . . . . . . . . . . . . . . . . . . . . . Part Schematics Acquired 15 | . . . . . . . 10 . . . . . . . . . 4 . 1 . . . Parts Built 2 | . . . . . . . . . . . . . . . . . . . 2 . . . Authchips . | . . . . . . . . . . . . . . . . . . . . . . . Time 117 | . . . . . . . . . . . . . . . . . . . 117 . . . Total Part Build Rating 14 | . . . . . . . . . . . . . . . . . . . 14 . . . Part Studies Acquired 4 | . . . . . . . . . . . . . . . . . . . 4 . . . Parts Repaired 1 | . . . . . . . . . . . . . . . . . . . 1 . . . Time 25 | . . . . . . . . . . . . . . . . . . . 25 . . . Parts Recycled . | . . . . . . . . . . . . . . . . . . . . . . . Recycled Matter . | . . . . . . . . . . . . . . . . . . . . . . . Retrieved Matter . | . . . . . . . . . . . . . . . . . . . . . . . Retrieved Components 27 | . . . 9 . . . . . . . . . . 12 . . . . 6 . . . Parts Scanalyzed . | . . . . . . . . . . . . . . . . . . . . . . . Part Schematics Acquired . | . . . . . . . . . . . . . . . . . . . . . . . Parts Damaged . | . . . . . . . . . . . . . . . . . . . . . . . Bothacking | -11 -10 -10 -8 -7 -7 -7 -7 -6 -6 -6 -6 -6 -6 -5 -5 -5 -5 -4 -4 -4 -4 -4 ------------ Run | Yrd Mat Sub Mat Fac Low Low Dat Pro Fac Ext Cet Arc Hub Fac Upp Upp Zhi Pro Fac Upp Upp War Used RIF Installer . | . . . . . . . . . . . . . . . . . . . . . . . Robots Hacked 9 | . . . 3 . 2 . . . . . 1 1 1 1 . . . . . . . . Non-combat . | . . . . . . . . . . . . . . . . . . . . . . . Combat 9 | . . . 3 . 2 . . . . . 1 1 1 1 . . . . . . . . Robot Hacks Applied 9 | . . . 3 . 2 . . . . . 1 1 1 1 . . . . . . . . parse_system 9 | . . . 3 . 2 . . . . . 1 1 1 1 . . . . . . . . Relay Couplers Released . | . . . . . . . . . . . . . . . . . . . . . . . Fabnet Peak Effective % . | . . . . . . . . . . . . . . . . . . . . . . . Robots Rewired 20 | . . . . . . . . . . 20 . . . . . . . . . . . . Allies Hacked 10 | . . . . . . . . . 6 . . . . 4 . . . . . . . . Hacks Repelled . | . . . . . . . . . . . . . . . . . . . . . . . Allies | -11 -10 -10 -8 -7 -7 -7 -7 -6 -6 -6 -6 -6 -6 -5 -5 -5 -5 -4 -4 -4 -4 -4 -------- Run | Yrd Mat Sub Mat Fac Low Low Dat Pro Fac Ext Cet Arc Hub Fac Upp Upp Zhi Pro Fac Upp Upp War Total Allies 33 | . . . . . . . . . . 26 5 . . 2 . . . . . . . . Largest Group 13 | . . . . . . . . . . 12 13 9 7 2 . . . . . . . . Highest-Rated Group 822 | . . . . . . . . . . 472 822 649 394 74 . . . . . . . . Highest-Rated Ally 159 | . . . . . . . . . . 159 159 159 96 45 . . . . . . . . Total Orders 20 | . . . . 2 . . 3 . . 2 . 2 7 4 . . . . . . . . STAY 13 | . . . . 1 . . 1 . . 1 . 1 6 3 . . . . . . . . FOLLOW 7 | . . . . 1 . . 2 . . 1 . 1 1 1 . . . . . . . . Ally Attacks 924 | . . . 71 43 42 16 . 58 151 190 75 19 115 144 . . . . . . . . Total Damage 21332 | . . . 927 524 693 321 . 1088 3612 4380 2439 528 3591 3229 . . . . . . . . Kills 146 | . . . 11 8 5 2 . 9 26 25 10 4 26 20 . . . . . . . . Allies Corrupted 10 | . . . . . . . . . 2 . . . 6 2 . . . . . . . . Allies Melted 1 | . . . . . . . . . 1 . . . . . . . . . . . . . Borg Created 58 | . . . 9 1 6 . . . 9 14 1 1 5 12 . . . . . . . . Largest Collective 7 | . . . 3 3 6 . . . 5 7 6 6 4 5 . . . . . . . . Intel | -11 -10 -10 -8 -7 -7 -7 -7 -6 -6 -6 -6 -6 -6 -5 -5 -5 -5 -4 -4 -4 -4 -4 ------- Run | Yrd Mat Sub Mat Fac Low Low Dat Pro Fac Ext Cet Arc Hub Fac Upp Upp Zhi Pro Fac Upp Upp War Active Infowar (turns) 1629 | 17 742 . . . . . . . 867 . . . . . . . . . . . . 3 Sensors 867 | . . . . . . . . . 867 . . . . . . . . . . . . . Terrain 609 | . 609 . . . . . . . . . . . . . . . . . . . . . Seismic 150 | 17 133 . . . . . . . . . . . . . . . . . . . . . Cloaking 3 | . . . . . . . . . . . . . . . . . . . . . . 3 Robot Analysis Total 4 | . . . . . . . . . . . . . . . . . 4 . . . . . Derelict Logs Recovered 8 | . . 1 . . 2 1 . 2 . . . . . . . . . 1 . . 1 . Drone Launches . | . . . . . . . . . . . . . . . . . . . . . . . Drone Recoveries . | . . . . . . . . . . . . . . . . . . . . . . . Exploration | -11 -10 -10 -8 -7 -7 -7 -7 -6 -6 -6 -6 -6 -6 -5 -5 -5 -5 -4 -4 -4 -4 -4 ------------- Run | Yrd Mat Sub Mat Fac Low Low Dat Pro Fac Ext Cet Arc Hub Fac Upp Upp Zhi Pro Fac Upp Upp War Turns Passed 18525 | 334 1583 2175 804 544 964 1175 160 1481 1773 1696 651 792 946 2545 124 55 30 52 200 87 93 261 Spaces Moved 11167 | 165 821 1421 468 364 599 536 74 404 642 517 197 278 361 1424 351 231 132 260 588 330 337 667 Core 22 | 16 . . . . . . . 4 . . . . . . . . . . . . . 2 Treads 3218 | 149 821 518 . . . . . 291 484 . . . 1 954 . . . . . . . . Legs 3 | . . . . . . . . . . . . . . . . . . . . . . 3 Wheels 4563 | . . 903 468 364 599 536 74 109 158 517 197 278 360 . . . . . . . . . Hover 5 | . . . . . . . . . . . . . . . . . . . . . . 5 Flight 3356 | . . . . . . . . . . . . . . 470 351 231 132 260 588 330 337 657 Fastest Speed 9 | 50 160 95 105 130 130 135 215 215 123 123 180 180 146 13 13 15 15 13 9 9 9 10 Average Speed 125 | 149 160 131 123 130 131 200 215 347 219 163 180 180 188 134 14 15 15 14 10 10 11 11 Slowest Speed 1550 | 160 160 240 175 145 135 215 215 1550 325 180 180 180 320 560 15 15 101 15 11 11 97 100 Overloaded Moves 138 | . . . . . . . . . . . . . . . 5 . . 22 18 21 66 6 Propulsion Burnouts . | . . . . . . . . . . . . . . . . . . . . . . . Robots Hopped 8 | . . . . . . . . . . . . . . 2 2 . . . 1 . . 3 Potential Cave-ins . | . . . . . . . . . . . . . . . . . . . . . . . Cave-ins Triggered . | . . . . . . . . . . . . . . . . . . . . . . . Teleports 1 | . . . . . . . . . . . . . . . . . . . . . . 1 Exploration Rate (%) 54 | 7 96 85 38 12 76 66 68 51 14 85 70 83 26 44 50 37 60 56 29 63 63 85 Regions Visited 22 Branch Regions 16 Pre-discovered Areas 7 | . 1 . 1 . . . 1 . . . . . . . . . 3 . . . 1 . Known Exits Taken 11 | . 1 . 1 1 1 1 . 1 1 . . . 1 1 . . . 1 1 . . . Unknown Exits Taken 11 | 1 . 1 . . . . 1 . . 1 1 1 . . 1 1 1 . . 1 1 . Scrap Searched 23 | . . 8 . . 3 2 . 2 . . . . . . 1 3 . 1 . 2 1 . Spaces Dug 35 | . 1 . . 9 . . . . . 3 . . 11 4 . . . . 7 . . . Terrain Destroyed 403 | . 1 . 1 9 . . . . 130 8 . 20 73 76 . . . . 22 15 48 . Melee 11 | . . . . . . . . . . . . . . 4 . . . . 7 . . . Projectile 80 | . 1 . 1 . . . . . . 8 . 20 14 36 . . . . . . . . AOE 312 | . . . . 9 . . . . 130 . . . 59 36 . . . . 15 15 48 . Terrain Rammed . | . . . . . . . . . . . . . . . . . . . . . . . Walls Destroyed . | . . . . . . . . . . . . . . . . . . . . . . . Machines Disabled . | . . . . . . . . . . . . . . . . . . . . . . . Actions | -11 -10 -10 -8 -7 -7 -7 -7 -6 -6 -6 -6 -6 -6 -5 -5 -5 -5 -4 -4 -4 -4 -4 --------- Run | Yrd Mat Sub Mat Fac Low Low Dat Pro Fac Ext Cet Arc Hub Fac Upp Upp Zhi Pro Fac Upp Upp War Total 14795 | 210 979 1582 634 429 750 625 76 482 969 1316 489 498 559 1816 421 251 140 272 703 377 386 831 Wait 2022 | . 28 59 100 43 103 76 3 56 215 405 259 126 104 105 64 16 . 13 49 42 33 123 Move 11130 | 164 820 1420 467 363 598 535 73 403 641 516 196 277 360 1419 346 230 131 259 585 329 336 662 Hop 7 | . . . . . . . . . . . . . . 2 2 . . . 1 . . 2 Pick Up 193 | 11 27 7 10 8 8 . . 4 18 13 10 5 9 39 4 1 1 . 10 1 1 6 Fast Attach 58 | . 8 . 1 1 1 . . 2 11 . . 4 . 6 1 2 4 . 11 . 3 3 Attach 90 | 7 3 6 5 3 1 . . 1 3 5 3 . 7 29 . . . . 4 . 1 12 Detach 16 | . . . . 1 . . . . 2 2 1 . 1 4 . . . . 2 . 1 2 Swap 137 | . 7 6 4 4 12 5 . 2 15 14 8 7 15 27 . . . . 2 2 2 5 Drop 187 | 1 19 9 5 4 9 . . 4 28 4 8 9 7 43 4 2 4 . 14 1 5 7 Fire 511 | 27 67 75 30 1 11 9 . . 19 19 2 69 51 124 . . . . 2 2 3 . Melee 31 | . . . 3 . 1 . . . . . . . . 6 . . . . 11 . 1 9 Ram . | . . . . . . . . . . . . . . . . . . . . . . . Kick . | . . . . . . . . . . . . . . . . . . . . . . . Crush . | . . . . . . . . . . . . . . . . . . . . . . . Escape Stasis 56 | . . . . . . . . . 8 36 . . . . . . . . 12 . . . Rewire 288 | . . . . . . . . . . 288 . . . . . . . . . . . . Trap 10 | . . . . . . . . 10 . . . . . . . . . . . . . . Miscellaneous 59 | . . . 9 1 6 . . . 9 14 2 1 5 12 . . . . . . . . Route ------- -11/Scrapyard -10/Materials (discovered 6 exits: *Mat x3 / *Min x2 / *Sub) -10/Subcaves (discovered 3 exits: *Mat x2 / [*Scr]) -8/Materials (discovered 4 exits: *Fac x3 / Sto) -7/Factory (discovered 6 exits: Fac x4 / *Low x2) -7/Lower Caves -7/Lower Caves (discovered 2 exits: Fac / *Dat) -7/Data Miner -6/Proximity Caves -6/Factory (discovered 2 exits: *Fac / *Ext) -6/Extension (discovered 2 exits: *Fac / *Cet) -6/Cetus (discovered 2 exits: *Fac / [*Arc]) -6/Archives (discovered 3 exits: *Fac / *Hub x2) -6/Hub_04(d) (discovered 2 exits: *Fac x2) -5/Factory (discovered 6 exits: *Fac x4 / *Upp x2) -5/Upper Caves -5/Upper Caves -5/Zhirov -4/Proximity Caves -4/Factory (discovered 7 exits: Res x4 / *Upp x2 / Arm) -4/Upper Caves -4/Upper Caves -4/Warlord (discovered 1 exit: [*Pro]) History --------- Turn | Location | Event 5 | -11/Scrapyard | Discovered new exit (range 16) 335 | -11/Scrapyard | Entered Materials 343 | -10/Materials | Build established: Mutant 458 | -10/Materials | Discovered new exit (range 4) 554 | -10/Materials | Discovered new exit (range 12) 780 | -10/Materials | Discovered new exit (range 12) 835 | -10/Materials | Derelicts attacked the area 1135 | -10/Materials | Discovered new exit (range 8) 1254 | -10/Materials | Identified exit to Mines 1297 | -10/Materials | Learned location of Mines (-9) 1329 | -10/Materials | Identified exit to Materials 1349 | -10/Materials | Learned Recycling recycling unit intel 1357 | -10/Materials | Identified exit to Subcaves 1357 | -10/Materials | Learned location of 2 exits from Materials 1374 | -10/Materials | Learned location of 1 exit from Recycling 1399 | -10/Materials | Learned 8 Materials zone layouts 1918 | -10/Materials | Entered Subcaves 1919 | -10/Subcaves | Approached by a straggling Scientist 2045 | -10/Subcaves | Scientist uncovered a shortcut to Scraptown 2521 | -10/Subcaves | Shifting Twisted Machinery released Battle Rifle 2535 | -10/Subcaves | Shifting Twisted Machinery released Sub. Beam Cannon 2583 | -10/Subcaves | A swath of the cavern ceiling suddenly collapsed 2988 | -10/Subcaves | Disturbed a concealed Subdweller 3055 | -10/Subcaves | A swath of the cavern ceiling suddenly collapsed 3080 | -10/Subcaves | Discovered new exit (range 9) 3084 | -10/Subcaves | Ambushed by Subdwellers from Twisted Machinery 3156 | -10/Subcaves | Core integrity fell below 50% 3436 | -10/Subcaves | Shifting Twisted Machinery released Flamer 3443 | -10/Subcaves | Shifting Twisted Machinery released Sub. Beam Cannon 3448 | -10/Subcaves | Shifting Twisted Machinery released Sub. Monowheel 3467 | -10/Subcaves | Shifting Twisted Machinery released Mak. Shrapnel Gun 3491 | -10/Subcaves | Visited Clippyterm 3495 | -10/Subcaves | Learned Factory fabricator intel 3495 | -10/Subcaves | Learned Factory garrison access intel 3622 | -10/Subcaves | Core integrity fell below 20% 3668 | -10/Subcaves | Lost 3 parts (1n2w) 3902 | -10/Subcaves | Learned 2 Materials zone layouts 3921 | -10/Subcaves | Visited 4L-MR0's lab 3933 | -10/Subcaves | Found Prototype Special Melee Weapon 4078 | -10/Subcaves | Discovered new exit (range 14) 4093 | -10/Subcaves | Entered Materials 4093 | -8/Materials | Evolved 4 slots: Weapon x4 4094 | -8/Materials | Identified exit to Factory 4095 | -8/Materials | Identified exit to Storage 4316 | -8/Materials | Identified 1B-0RG's Assimilator 4317 | -8/Materials | Assimilating Machinist 3a into Collective. 4382 | -8/Materials | Assimilating Transporter 3a into Collective. 4428 | -8/Materials | Assimilating Trooper 3a into Collective. 4433 | -8/Materials | Assimilating Trooper 3b into Collective. 4438 | -8/Materials | Assimilating Bruiser 3a into Collective. 4444 | -8/Materials | Assimilating Trooper 3c into Collective. 4467 | -8/Materials | Lost 4 allies 4662 | -8/Materials | Assimilating Defender 3a into Collective. 4688 | -8/Materials | Assimilating Defender 3b into Collective. 4707 | -8/Materials | Learned location of 2 exits from Lower Caves 4708 | -8/Materials | Assimilating Informer 3a into Collective. 4737 | -8/Materials | Learned Storage garrison access intel 4761 | -8/Materials | Learned 2 Lower Caves zone layouts 4763 | -8/Materials | Learned 2 Lower Caves zone layouts 4764 | -8/Materials | Learned location of 2 exits from Factory 4765 | -8/Materials | Learned location of 2 exits from Lower Caves 4766 | -8/Materials | Learned location of Storage (-8) 4770 | -8/Materials | Learned location of 2 exits from Factory 4897 | -8/Materials | Entered Factory 4897 | -7/Factory | Accompanied by 3 allies 4897 | -7/Factory | Evolved 2 slots: Utility x2 4898 | -7/Factory | Identified exit to Factory 4899 | -7/Factory | Identified exit to Lower Caves 4900 | -7/Factory | Loaded intel: 6 fabricator locations 4901 | -7/Factory | Loaded intel: 4 garrison access locations 5058 | -7/Factory | Assimilating Excavator 4a into Collective. 5441 | -7/Factory | Entered Lower Caves 5441 | -7/Lower Caves | Accompanied by 2 allies 5442 | -7/Lower Caves | Identified exit to Lower Caves 5566 | -7/Lower Caves | Assimilating Trooper 4a into Collective. 5634 | -7/Lower Caves | Learned location of 1 exit from Factory 5650 | -7/Lower Caves | Assimilating 1A-QIX(S) into Collective. 5658 | -7/Lower Caves | Assimilating MU-EXE(S) into Collective. 5666 | -7/Lower Caves | Assimilating TW-5S3(S) into Collective. 5735 | -7/Lower Caves | Learned Factory terminal intel 5897 | -7/Lower Caves | Encountered a Warlord checkpoint 5936 | -7/Lower Caves | Assimilating IN-8EB(M) into Collective. 6029 | -7/Lower Caves | Spotted B-75 Beast 6050 | -7/Lower Caves | Assimilating Beast 4a into Collective. 6405 | -7/Lower Caves | Entered another Lower Caves area 6405 | -7/Lower Caves | Accompanied by 6 allies 6406 | -7/Lower Caves | Identified exit to Data Miner 6600 | -7/Lower Caves | Learned 4 Factory zone layouts 7580 | -7/Lower Caves | Entered Data Miner 7580 | -7/Data Miner | Accompanied by 6 allies 7580 | -7/Data Miner | Discovered new exit (range 6) 7624 | -7/Data Miner | Met Data Miner 7663 | -7/Data Miner | Learned location of Section 7 (-2) 7663 | -7/Data Miner | Acquired the access code to Warlord's prototype stash 7691 | -7/Data Miner | Received God Mode back door access code from Data Miner 7740 | -7/Data Miner | Entered Proximity Caves 7740 | -6/Proximity Caves | Accompanied by 6 allies 7743 | -6/Proximity Caves | Spotter reported a threat 7743 | -6/Proximity Caves | Spotter reported a threat 7877 | -6/Proximity Caves | Attracted the attention of an 0b10 checkpoint 8071 | -6/Proximity Caves | Lost 3 allies 8167 | -6/Proximity Caves | Learned Factory stockpile data 8256 | -6/Proximity Caves | Learned Factory trap positions 8475 | -6/Proximity Caves | Allies destroyed B-75 Beast 8900 | -6/Proximity Caves | Build established: Scavenger-Mutant 9165 | -6/Proximity Caves | Discovered exit to Factory (range 9) 9221 | -6/Proximity Caves | Entered Factory 9221 | -6/Factory | Accompanied by 2 allies 9221 | -6/Factory | Evolved 2 slots: Propulsion x1, Utility x1 9222 | -6/Factory | Identified exit to Extension 9224 | -6/Factory | Loaded intel: 103 trap records 9226 | -6/Factory | Loaded intel: 28 terminal locations 9397 | -6/Factory | Assimilating Soldier 5a into Collective. 9498 | -6/Factory | Assimilating Soldier 5b into Collective. 9523 | -6/Factory | Build established: Mutant 9673 | -6/Factory | Discovered new exit (range 7) 9683 | -6/Factory | Assimilating Guardian 5a into Collective. 9982 | -6/Factory | Assimilating Conveyor 5a into Collective. 10009 | -6/Factory | Assimilating Conveyor 5b into Collective. 10090 | -6/Factory | Identified exit to Factory 10248 | -6/Factory | Build established: Scavenger-Mutant 10259 | -6/Factory | Garrison activated, responded to threat 10284 | -6/Factory | Assimilating Soldier 5c into Collective. 10573 | -6/Factory | Cargo convoy interrupted 10601 | -6/Factory | Assimilating Slayer 5a into Collective. 10634 | -6/Factory | Destroyed 8 combat bots 10636 | -6/Factory | Lost 5 allies 10762 | -6/Factory | Assimilating Serf 5a into Collective. 10783 | -6/Factory | Assimilating Processor 5a into Collective. 10893 | -6/Factory | Build established: Mutant 10994 | -6/Factory | Entered Extension 10994 | -6/Extension | Accompanied by 2 allies 11023 | -6/Extension | Rescued a captive Derelict 11025 | -6/Extension | Assimilating 6O-H6S(h) into Collective. 11101 | -6/Extension | Assimilating KM-ODB(b) into Collective. 11104 | -6/Extension | Assimilating CB-HCZ(b) into Collective. 11110 | -6/Extension | Assimilating 0G-ZV6(g) into Collective. 11155 | -6/Extension | Rescued a captive Derelict 11156 | -6/Extension | Rescued a captive Derelict 11157 | -6/Extension | Assimilating TI-NTJ(g) into Collective. 11164 | -6/Extension | Assimilating W4-EQ5(l) into Collective. 11320 | -6/Extension | Rescued a captive Derelict 11323 | -6/Extension | Assimilating 28-Y61(l) into Collective. 11436 | -6/Extension | Rescued a captive Derelict 11481 | -6/Extension | Assimilating Soldier 5d into Collective. 11496 | -6/Extension | Spotted B-75 Beast 11516 | -6/Extension | Lost 4 allies 11588 | -6/Extension | Spotted B-75 Beast 11600 | -6/Extension | Assimilating Beast 5a into Collective. 11616 | -6/Extension | Lost 4 allies 11699 | -6/Extension | Assimilating NB-IIN(l) into Collective. 11704 | -6/Extension | Assimilating AD-WVT(g) into Collective. 11707 | -6/Extension | Assimilating 62-SS3(h) into Collective. 11873 | -6/Extension | Assimilating MD-Z33(h) into Collective. 12029 | -6/Extension | Rescued A7 12200 | -6/Extension | Assimilating GN-UWB(h) into Collective. 12284 | -6/Extension | Build established: Commander-Mutant 12493 | -6/Extension | Discovered exit to Factory (range 10) 12495 | -6/Extension | Discovered new exit (range 6) 12690 | -6/Extension | Entered Cetus 12690 | -6/Cetus | Accompanied by 18 allies (A7) 12695 | -6/Cetus | Acquired a Cetus Manufacturing Module code from A7 12750 | -6/Cetus | Allies destroyed Cetus Guard 12752 | -6/Cetus | Allies destroyed Cetus Guard 12754 | -6/Cetus | Allies destroyed Cetus Guard 12760 | -6/Cetus | Allies destroyed Cetus Guard 12790 | -6/Cetus | Lost 5 allies 12891 | -6/Cetus | Started Cetus Manufacturing Module 12908 | -6/Cetus | Escorted A7 to Cetus Mainframe 12916 | -6/Cetus | Manufactured an Enhanced Grunt 12941 | -6/Cetus | Manufactured an Enhanced Grunt 12966 | -6/Cetus | Manufactured an Enhanced Grunt 12991 | -6/Cetus | Manufactured an Enhanced Grunt 13016 | -6/Cetus | Manufactured an Enhanced Grunt 13083 | -6/Cetus | Discovered new exit (range 18) 13092 | -6/Cetus | Assimilating Enhanced Grunt into Collective. 13151 | -6/Cetus | Spotted Cetus Guard 13151 | -6/Cetus | Spotted Cetus Guard 13154 | -6/Cetus | Spotted Cetus Guard 13165 | -6/Cetus | Spotted Cetus Guard 13174 | -6/Cetus | Allies destroyed Cetus Guard 13175 | -6/Cetus | Discovered exit to Factory (range 24) 13179 | -6/Cetus | Allies destroyed Cetus Guard 13190 | -6/Cetus | Allies destroyed Cetus Guard 13190 | -6/Cetus | Allies destroyed Cetus Guard 13206 | -6/Cetus | Lost 3 allies 13207 | -6/Cetus | Met Revision 17 13341 | -6/Cetus | Entered Archives 13341 | -6/Archives | Accompanied by 15 allies (A7) 13346 | -6/Archives | Received a hacking code to weaken MAIN.C 13400 | -6/Archives | Discovered new exit (range 18) 13549 | -6/Archives | Discovered new exit (range 16) 13776 | -6/Archives | Discovered exit to Factory (range 15) 14042 | -6/Archives | Assimilating Enhanced Grunt into Collective. 14133 | -6/Archives | Entered Hub_04(d) 14133 | -6/Hub_04(d) | Accompanied by 13 allies 14228 | -6/Hub_04(d) | Discovered exit to Factory (range 15) 14316 | -6/Hub_04(d) | Discovered exit to Factory (range 15) 14393 | -6/Hub_04(d) | Network Hub disabled 14395 | -6/Hub_04(d) | Network Hub disabled 14396 | -6/Hub_04(d) | Spotted Lightning 14397 | -6/Hub_04(d) | Spotted Lightning 14397 | -6/Hub_04(d) | Spotted Lightning 14400 | -6/Hub_04(d) | Core integrity fell below 50% 14422 | -6/Hub_04(d) | Allies destroyed Lightning 14444 | -6/Hub_04(d) | Destroyed Lightning 14456 | -6/Hub_04(d) | Lost 9 allies 14463 | -6/Hub_04(d) | Destroyed Lightning 14582 | -6/Hub_04(d) | Assimilating Processor 5b into Collective. 14588 | -6/Hub_04(d) | Assimilating Conveyor 5c into Collective. 14591 | -6/Hub_04(d) | Assimilating Conveyor 5d into Collective. 14683 | -6/Hub_04(d) | Assimilating Guardian 5b into Collective. 14707 | -6/Hub_04(d) | Build established: Scavenger-Mutant 14735 | -6/Hub_04(d) | Network Hub disabled 14751 | -6/Hub_04(d) | Incoming investigation squad redirected 14808 | -6/Hub_04(d) | Garrison activated, responded to threat 14860 | -6/Hub_04(d) | Incoming investigation squad redirected 14862 | -6/Hub_04(d) | Assimilating Soldier 5e into Collective. 15017 | -6/Hub_04(d) | Network Hub disabled 15079 | -6/Hub_04(d) | Entered Factory 15079 | -5/Factory | Evolved 2 slots: Propulsion x2 15118 | -5/Factory | Assimilating Engineer 6a into Collective. 15651 | -5/Factory | Assimilating Soldier 6a into Collective. 15659 | -5/Factory | Assimilating Soldier 6b into Collective. 15691 | -5/Factory | Assimilating Conveyor 6a into Collective. 15960 | -5/Factory | Assimilating Soldier 6c into Collective. 16006 | -5/Factory | Assimilating Sentinel 6a into Collective. 16133 | -5/Factory | Assimilating Warrior 6a into Collective. 16136 | -5/Factory | Assimilating Smith 6a into Collective. 16210 | -5/Factory | Assimilating Conveyor 6b into Collective. 16259 | -5/Factory | Assimilating Conveyor 6c into Collective. 16272 | -5/Factory | Lost 5 allies 16283 | -5/Factory | Assimilating Serf 6a into Collective. 16326 | -5/Factory | Assimilating Soldier 6d into Collective. 16360 | -5/Factory | Lost 3 parts (2u1w) 16618 | -5/Factory | Discovered new exit (range 11) 16748 | -5/Factory | System corruption reached 10% 16991 | -5/Factory | Build established: Scavenger-Tank 17369 | -5/Factory | Garrison activated, responded to threat 17372 | -5/Factory | Core integrity fell below 50% 17499 | -5/Factory | Identified exit to Factory 17546 | -5/Factory | Identified exit to Upper Caves 17624 | -5/Factory | Entered Upper Caves 17629 | -5/Upper Caves | Encountered a Warlord checkpoint 17689 | -5/Upper Caves | Attracted the attention of an 0b10 checkpoint 17741 | -5/Upper Caves | Build established: Hacker-Sprinter 17747 | -5/Upper Caves | Discovered new exit (range 11) 17748 | -5/Upper Caves | Entered another Upper Caves area 17801 | -5/Upper Caves | Discovered new exit (range 16) 17803 | -5/Upper Caves | Entered Zhirov 17803 | -5/Zhirov | Discovered new exit (range 3) 17806 | -5/Zhirov | Met Zhirov 17809 | -5/Zhirov | Learned location of Quarantine (-2) 17809 | -5/Zhirov | Learned location of Testing (-3) 17809 | -5/Zhirov | Learned location of Command (-1) 17810 | -5/Zhirov | Zhirov requested help retrieving the SGEMP Prototype 17813 | -5/Zhirov | Found Alien Artifact 17813 | -5/Zhirov | Identified Integrated Reactor 17813 | -5/Zhirov | Installed Integrated Reactor, increased core energy generation (+10) 17827 | -5/Zhirov | Found Alien Artifact 17833 | -5/Zhirov | Entered Proximity Caves 17837 | -4/Proximity Caves | Attracted the attention of an 0b10 checkpoint 17849 | -4/Proximity Caves | Learned location of 1 exit from Research 17877 | -4/Proximity Caves | Ambushed by research squad 17882 | -4/Proximity Caves | Discovered exit to Factory (range 15) 17885 | -4/Proximity Caves | Entered Factory 17885 | -4/Factory | Evolved 2 slots: Propulsion x1, Utility x1 17921 | -4/Factory | Spotted B-86 Titan 17951 | -4/Factory | Identified exit to Upper Caves 17951 | -4/Factory | Identified exit to Armory 17951 | -4/Factory | Watched by a mysterious "MATRIX" hacker. 17978 | -4/Factory | Fabricated Nanoactuators? 18043 | -4/Factory | Identified exit to Research 18071 | -4/Factory | Repaired Lgt. Angular Momentum Engine+ 18079 | -4/Factory | Found Prototype Launcher 18079 | -4/Factory | Identified Tesla Bomb Launcher 18085 | -4/Factory | Entered Upper Caves 18129 | -4/Upper Caves | Encountered a Warlord checkpoint 18161 | -4/Upper Caves | Discovered new exit (range 12) 18172 | -4/Upper Caves | Entered another Upper Caves area 18204 | -4/Upper Caves | Found Alien Artifact 18259 | -4/Upper Caves | Discovered new exit (range 16) 18264 | -4/Upper Caves | Learned Research garrison access intel 18264 | -4/Upper Caves | Learned Armory security intel 18264 | -4/Upper Caves | Learned Factory stockpile data 18264 | -4/Upper Caves | Learned Extension emergency access door positions 18264 | -4/Upper Caves | Learned 6 Lower Caves zone layouts 18265 | -4/Upper Caves | Entered Warlord 18354 | -4/Warlord | Opened Warlord's prototype stash 18355 | -4/Warlord | Found Prototype Device 18355 | -4/Warlord | Identified Exp. Cloaking Device 18358 | -4/Warlord | Found Prototype Hackware 18358 | -4/Warlord | Identified Ghost Barrier 18416 | -4/Warlord | Discovered new exit (range 14) 18419 | -4/Warlord | Identified Dimensional Node Initializer 18419 | -4/Warlord | Initialized slip node 18436 | -4/Warlord | Warlord's base attacked by MAIN.C 18445 | -4/Warlord | Met Warlord 18488 | -4/Warlord | Attacked by Warlord forces 18489 | -4/Warlord | Spotted YU-IUV(K) 18489 | -4/Warlord | Spotted 9L-GF5(K) 18506 | -4/Warlord | Core integrity fell below 50% 18518 | -4/Warlord | Core integrity fell below 20% 18519 | -4/Warlord | Identified Transdimensional Reconstructor 18519 | -4/Warlord | Warped through subspace to slip node 18526 | -4/Warlord | Destroyed by G-67 Veteran with Plasma Rifle Last Messages --------------- 18516_ HV Slug penetrates Reinforced Barrier. 18516_ Knocked back. 18517_ Acquired 4 matter. 18518_ Acquired Alien Artifact. 18518_ Cld. Antigrav System destroyed. 18519_ Acquired 5 matter. 18519_ Spear destroyed. 18519_ Penetrated by HV Slug. 18519_ HV Slug penetrates Machine. 18519_ HV Slug penetrates Reinforced Barrier. 18519_ Identified Transdimensional Reconstructor. 18519_ Warped through subspace, drawn to slip node. 18520_ Cld. Antigrav System destroyed. 18524_ Critical hit (Burn: +37). 18525_ G-73 Enforcer suffers critical hit (Burn). 18526_ ANNOUNCEMENT: MAIN.C reinforcements approaching through caves, arriving soon. Map ----- +----------------------------------------------------+ | | | | | | | ??????????????????????????????????? | | ??????????????????????????????????? | | ??????????????????????????????????? | | ??????????????????????????????????? | | ??????????????????????????????????? | | ??????????????????????????????????? | | ??????????????????????????????????? | | ??????????????????????????????????? | | ??????????????????????????????????? | | ??????????????????????????????????? | | ??????????????????????????????????? | | ????????????##????????????????????? | | ???????????## ??????????#####????? | | ??????????## ?????????## ###??? | | ??????????# ????????## ###? | | ??????????# #??????## < ?? | | ??????????# ??????# #?? | | ??????????? #?????# ##?? | | ???????????? ?????# ##??? | | ?????????????# ##???## #???? | | ??????????????# #????## ##???? | | ???????????????# #???### ##????? | | ???????????????# #####gg@ ##????? | | ???????????????# g gg ###?? | | ???????????????## ###g ### ##? | | ????????????????## ##?? #? | | ?????????????????##; g""?? #? | | "?????????????????##g "#? ##? | | "#?????????????????#; g ##? #?? | | "#?????????????????#;; %[ #?# ##? | | "#####?????????????# ;" ##?# #? | | " "############??# #" ### ##? | | " """"""""""""#??#####" # ##?? | | " """"""""""""#?####?## #???? | | ### ### ##??? | | + ## #??? | | + #### #??? | | #### ##??# #??? | | " """"""""""""#??## #???# ##?? | | " """"""""""""#???# #?### #?? | | " "############???# #### # #?? | | "#####??????????????# #?# #?? | | "#?????????????????? ### #?? | | "#????????????????? ### ##?? | | "?????????????????? ##?# #??? | | ?????????????????? ???## ##??? | | ?????????????????# ????## #???? | +----------------------------------------------------+ Best States ------------- Heat Dissipation 85 Energy Generation 34 Energy Capacity 350 Matter Stores 700 Matter Capacity 700 Sight Range 16 Robot Scan Range 15 Terrain Scan Range 16 Terrain Scan Density 10 Power Amplification 40 Additional Mass Support 6 Armor Coverage 450 Resistance: KI 25 Weapon Shielding 66 Evasion (%) 79 Melee Accuracy 14 Recoil Reduction 5 Offensive Hacking 48 Defensive Hacking 20 Item Schematics ----------------- Combat Drone Bay | -7/Data Miner | Free Lgt. Regenerative Plating | -7/Data Miner | Free Multireflex Exoskeleton | -7/Data Miner | Free Thermal Defense Suite | -7/Data Miner | Free Adv. Trap Extractor | -7/Data Miner | Free Cld. Plasma Cannon | -7/Data Miner | Free Gyrokinetic Inverter | -7/Data Miner | Free Imp. Shock Absorption System | -7/Data Miner | Free Impulse Thruster | -7/Data Miner | Free Hvy. Shock Bomb Launcher | -7/Data Miner | Free Exp. Heat Sink | -5/Zhirov | Free Assault Drone Bay | -5/Zhirov | Free Exp. Optical Array | -5/Zhirov | Free Imp. Arc Thrower | -5/Zhirov | Free Nanoactuators | -4/Factory | Hacked Robot Schematics ------------------ S-27 Virus | -7/Data Miner | Free R-10 Processor | -7/Data Miner | Free B-48 Gladiator | -7/Data Miner | Free H-55 Commando | -7/Data Miner | Free L-41 Fighter | -7/Data Miner | Free G-50 Soldier | -7/Data Miner | Free Fabricated ------------ Nanoactuators | x2 | -4/Factory | Preloaded Repaired ---------- Lgt. Angular Momentum Engine | 3% | -4/Factory Studied --------- Impulse Thruster | -4/Factory | Hacked Power Sword | -4/Factory | Hacked Enh. Force Lance | -4/Factory | Hacked Lgt. Angular Momentum Engine | -4/Factory | Hacked Alien Tech Used ----------------- Integrated Reactor Dimensional Node Initializer Transdimensional Reconstructor Achievements -------------- None Challenges ------------ None Game ------ Seed GravityBottomlessPlatform Manual? 0 Play Time 02:55:18 Cumulative 693.4 hours Start 2026.02.10 @ 14:11:16 End 2026.02.10 @ 23:45:17 Sessions 18 Manual Loads 0 Difficulty Rogue Special Mode None Game No. 858 Rogue 858 Adventurer 0 Explorer 0 Win Type - Total 25 Types 12/1/3/3/2/0/2/2/0/0 Lore% 96 Gallery% 91 Achievement% 82 Wizard Run 0 Options --------- Layout 2 ASCII 0 Keyboard 0 Movement Mouse Keybinds 0 Fullscreen 2 Font 24/Tamsyn Map View 50x44 Zoom Use 0% Tactical HUD 1 Map Filters NONE Filters NONE Steam 1 RUN: 87fb3084-ba03-4829-aab6-d2dce1e0d086